 Dungeon Crawl Stone Soup version 0.26-a0-188-ga22346179c (webtiles) character file.

Game seed: 4493834643934327953

4 Coward the Caller (level 1, 0/10 HPs)
             Began as a Tengu Summoner on July 4, 2020.
             Slain by an ogre
             ... wielding a +0 giant club
              (8 damage)
             ... on level 4 of the Dungeon.
             The game lasted 00:05:00 (647 turns).

Coward the Caller (Tengu Summoner)                   Turns: 647, Time: 00:05:00

Health: 0/10       AC:  2    Str:  8    XL:     1   Next: 70%
Magic:  0/4        EV: 12    Int: 15    God:
Gold:   46         SH:  0    Dex: 14    Spells: 3/4 levels left

rFire    . . .     SeeInvis .   d - +0 dagger
rCold    . . .     Faith    .   (no shield)
rNeg     . . .     Spirit   .   a - +0 robe
rPois    .         Reflect  .   (helmet restricted)
rElec    .         Harm     .   (no cloak)
rCorr    .                      (no gloves)
MR       .....                  (boots unavailable)
Stlth    ++........             (no amulet)
HPRegen  0.03/turn              (no ring)
MPRegen  0.09/turn              (no ring)

@: no status effects
A: beak, talons 3
a: no special abilities


You were on level 4 of the Dungeon.
You were not hungry.

You visited 1 branch of the dungeon, and saw 4 of its levels.

You collected 46 gold pieces.

Inventory:

Hand Weapons
 d - a +0 dagger (weapon)
Armour
 a - a +0 robe (worn)
Scrolls
 b - a scroll of identify {unknown}
Potions
 e - a potion of resistance {unknown}
Comestibles
 c - 3 rations
 f - a chunk of flesh


   Skills:
 + Level 2.1 Dodging
 + Level 2.0 Stealth
 + Level 2.0 Spellcasting
 * Level 5.1 Summonings


You had 3 spell levels left.
You knew the following spells:

 Your Spells              Type           Power        Failure   Level  Hunger
a - Summon Small Mammal   Summ           ###.         2%          1    #......

Your spell library contained the following spells:

 Spells                   Type           Power        Failure   Level  Hunger
 Call Imp                 Summ           ###.....     4%          2    ###....
 Call Canine Familiar     Summ           ###.....     8%          3    ###....
 Summon Guardian Golem    Hex/Summ       #.......     22%         3    ###....
 Summon Ice Beast         Ice/Summ       #.......     58%         4    #####..
 Summon Lightning Spire   Summ/Air       #.......     58%         4    #####..


Dungeon Overview and Level Annotations

Branches:
Dungeon (4/15)
 Temple: D:4-7

Altars:
Fedhas


Innate Abilities, Weirdness & Mutations

You have a beak for a mouth.
You have claws for feet.


Message History

Your quokka's corpse disappears in a puff of smoke!
The hound bites you.
You hit the hound.
The hound is lightly wounded.
Your bat closely misses the hound.
Your bat barely misses the ogre.
Your bat hits the ogre but does no damage.
Your bat misses the orc. The hound misses you.
The orc hits your bat with a +0 falchion.
Your bat dies!
Your bat's corpse disappears in a puff of smoke!
The orc hits your bat with a +0 flail!
Your bat dies!
Your bat's corpse disappears in a puff of smoke!
The orc priest miscasts a cantrip.
You hit the hound but do no damage.
The hound is lightly wounded.
Your bat closely misses the frilled lizard.
The hound closely misses you. The ogre hits you with a +0 giant club!
Ouch! That really hurt!
You die...

##.............
#..............
#..............
#..........$...
#........o.....
#...b...§o.....
#...lOho.o....
#....@# #######


You could see an ogre, a hound, 2 orc priests, 2 orcs, a frilled lizard and a
friendly bat (summoned).

Vanquished Creatures
  A rat (D:2)
1 creature vanquished.

Vanquished Creatures (collateral kills)
  An ooze (D:2)
  A goblin (D:2)
  A quokka (D:3)
3 creatures vanquished.

Grand Total: 4 creatures vanquished

Notes
Turn   | Place    | Note
-------+----------+-------------------------------------------
     0 | D:1      | Coward the Tengu Summoner began the quest for the Orb.
     0 | D:1      | Reached XP level 1. HP: 10/10 MP: 4/4
    39 | D:2      | Reached skill level 5 in Summonings
   397 | D:3      | Found a blossoming altar of Fedhas.
   639 | D:4      | Noticed an ogre
   639 | D:4      | Noticed a hound
   640 | D:4      | Noticed an orc priest
   641 | D:4      | Noticed an orc priest
   647 | D:4      | Slain by an ogre

Illustrated notes

Levels and vault maps discovered:
D:1:      minmay_arrival_radiant_lines, layout_rooms, minmay_rat_gold_closets
D:2:      layout_basic, overflow_temple_1_default
D:3:      layout_loops_cross, fedhas_ov_isle_minmay, kiku_gazebo_garden_becter,
          lemuel_round_altar, first_ration
D:4:      layout_rooms, uniq_grinder, uniq_pikel

Skill      XL: |  1 |
---------------+----+-----
Summonings     | 5 |  5.1
Dodging        | |  2.1
Stealth        | |  2.0
Spellcasting   | |  2.0

Action                   || total
-------------------------++-------
Melee: Dagger            ||     7
       Unarmed           ||     2
       Peck              ||     2
       Kick              ||     1
 Cast: Summon Small Mamm ||    14
 Stab: Distracted        ||     1
Armor: Robe              ||     1
Dodge: Dodged            ||    15

Table legend:
 A = Non-vault XP
 B = Vault XP
 C = Vault XP percentage of total XP
 D = Non-vault monster count
 E = Vault monster count
 F = Vault count percentage of total count
                 A         B        C        D         E       F
            +---------+---------+-------+---------+---------+-------
      Total |       7 |       0 |   0.0 |       4 |       0 |   0.0
            +---------+---------+-------+---------+---------+-------
        D:2 |       6 |       0 |   0.0 |       3 |       0 |   0.0
        D:3 |       1 |       0 |   0.0 |       1 |       0 |   0.0
            +---------+---------+-------+---------+---------+-------
